 Dungeon Crawl Stone Soup version 0.24.0-123-gd5b16e6ec5 (webtiles) character file.

Game seed: 12842720397190797772, levelgen mode: deterministic

2809 Epicred4 the Covert (level 9, 0/62 HPs)
             Began as an Octopode Assassin on Jan 27, 2020.
             Was a Follower of Dithmenos.
             Slain by an orc warrior
             ... wielding a +0 halberd
              (26 damage)
             ... on level 8 of the Dungeon.
             The game lasted 00:52:13 (10170 turns).

Epicred4 the Covert (Octopode Assassin)            Turns: 10170, Time: 00:52:13

Health: 0/62       AC:  1    Str: 10    XL:     9   Next: 72%
Magic:  9/9        EV: 22    Int: 13    God:    Dithmenos [*.....]
Gold:   333        SH:  2    Dex: 17    Spells: 8/8 levels left

rFire    . . .     SeeInvis .   a - +2 dagger
rCold    . . .     Gourm    .   (no shield)
rNeg     . . .     Faith    .   (helmet restricted)
rPois    +         Spirit   .   h - +2 amulet of reflection
rElec    .         Reflect  +   j - ring of protection from magic
rCorr    .         Harm     .   v - ring of flight
MR       +....                  c - ring of poison resistance
Stlth    ++++++....             u - +4 ring of evasion
HPRegen  0.20/turn              (no ring)
MPRegen  0.11/turn              (no ring)
                                (no ring)
                                (no ring)

@: wreathed by umbra
A: almost no armour, stealthy swim, amphibious, 8 rings, constrict 8, camouflage
1, gelatinous body 1
a: Renounce Religion, Evoke Flight


You were on level 8 of the Dungeon.
You worshipped Dithmenos.
Dithmenos was aware of your devotion.
You were hungry.

You visited 2 branches of the dungeon, and saw 9 of its levels.
You also visited: Sewer.

You collected 333 gold pieces.

Inventory:

Hand Weapons
 a - a +2 dagger (weapon)
 n - a +3 dagger of speed
Missiles
 b - 35 poisoned darts (quivered)
 o - 2 datura-tipped darts
Jewellery
 c - a ring of poison resistance (on tentacle)
 h - a +2 amulet of reflection (around mantle)
 j - a ring of protection from magic (left tentacle)
 u - a +4 ring of evasion (on tentacle)
 v - a ring of flight (right tentacle)
Wands
 k - a wand of flame (59)
 r - a wand of polymorph (3)
 x - a wand of random effects (18)
Scrolls
 e - 6 scrolls of remove curse
 f - 3 scrolls of identify
 l - 2 scrolls of enchant armour
 p - a scroll of noise {unknown}
Potions
 g - a potion of ambrosia {unknown}
 i - a potion of curing
 m - a potion of cancellation {unknown}
 q - 2 potions of degeneration {unknown}
 s - 2 potions of flight {unknown}
 t - 2 potions of haste
 w - a potion of might
 z - a potion of magic {unknown}
 A - a potion of heal wounds {unknown}
Comestibles
 d - 14 rations


   Skills:
 + Level 5.6 Fighting
 * Level 7.5 Short Blades
 - Level 2.0 Throwing
 * Level 7.7 Dodging
 + Level 9.4 Stealth


You had 8 spell levels left.
You didn't know any spells.
Your spell library was empty.

Dungeon Overview and Level Annotations

Branches:
Dungeon (8/15)             Temple (1/1) D:6           Sewer (visited)
   Lair: D:8-11

Altars:
Ashenzari
Cheibriados
Dithmenos
Elyvilon
Fedhas
Gozag
Kikubaaqudgha
Makhleb
Nemelex Xobeh
Okawaru
Qazlal
Ru
Sif Muna
Trog
Uskayaw
Vehumet
Wu Jian
Yredelemnul
Zin
The Shining One

Annotations:
D:4 Menkaure


Innate Abilities, Weirdness & Mutations

You cannot wear most types of armour.
You are very stealthy in the water. (Stealth+)
You are amphibious.
You can wear up to eight rings at the same time.
You can use your tentacles to constrict eight enemies at once.
Your skin changes colour to match your surroundings (Stealth+).
Your rubbery body absorbs attacks. (AC +1, EV +1)


Message History

The orc priest mumbles some strange prayers to Beogh against you.
Beogh smites you!
An orc comes into view. It is wielding a +0 club.
You hit the orc priest. You grab the orc priest.
The orc priest is moderately wounded.
You constrict the orc priest.
The orc priest looks encouraged for a moment.
You hit the orc priest. You squeeze the orc priest.
The orc priest is severely wounded.
You constrict the orc priest. You hit the orc priest.
The orc priest is almost dead.
You constrict the orc priest.
The orc priest looks braver for a moment.
You hit the orc priest.
You kill the orc priest!
Dithmenos accepts your kill.
The orc warrior hits you from afar with a +0 halberd!!
The orc warrior hits you from afar with a +0 halberd!!
You die...

#####
#.## #...
.....#.)#
....oo.)#
.######@#
#.# #.#
#.######
#......#
######.#
#.# #.#
#.#


You could see an orc warrior and an orc.

Vanquished Creatures
  Pikel (D:5)
  A gargoyle (D:6)
  Grinder (D:6)
  Eustachio (D:6)
  A steam dragon (D:6)
  A slave (D:6)
  An ogre (D:6)
  A phantom (D:6)
  A centaur (D:7)
  A big kobold (D:7)
  A bullfrog (D:6)
  A water moccasin skeleton (D:5)
  2 scorpions
  2 crimson imps (D:6)
  A centaur zombie (D:7)
  A bullfrog zombie (D:5)
  A centaur skeleton (D:6)
  5 orc priests
  A hound (D:6)
  Natasha (thrice) (D:3)
  An iguana (D:8)
  3 orc wizards
  Ijyb (D:3)
  7 worker ants
  Robin (D:3)
  A hound skeleton (D:4)
  A worker ant zombie (D:8)
  9 adders
  A river rat (D:5)
  A shadow imp (D:6)
  An ooze (D:1)
  2 adder zombies
  An adder skeleton (D:8)
  3 worms
  3 dart slugs
  8 leopard geckos
  31 orcs
  13 ball pythons
  3 giant cockroaches
  15 goblins
  6 hobgoblins
  14 jackals
  16 kobolds
  3 quokkas
  10 bats
  3 frilled lizards
  A quokka zombie (D:5)
  12 rats
199 creatures vanquished.

Vanquished Creatures (collateral kills)
  3 orcs (D:4)
  5 goblins (D:3)
8 creatures vanquished.

Vanquished Creatures (others)
  A fungus (D:6)
1 creature vanquished.

Grand Total: 208 creatures vanquished

Notes
Turn   | Place    | Note
-------+----------+-------------------------------------------
     0 | D:1      | Epicred4 the Octopode Assassin began the quest for the Orb.
     0 | D:1      | Reached XP level 1. HP: 14/14 MP: 1/1
    82 | D:1      | Reached XP level 2. HP: 15/19 MP: 2/2
   421 | D:1      | Reached XP level 3. HP: 22/24 MP: 3/3
   913 | D:2      | Found a basalt altar of Yredelemnul.
   953 | D:2      | Reached XP level 4. HP: 30/30 MP: 4/4
  1017 | D:2      | Found a white marble altar of Elyvilon.
  1801 | D:3      | Reached skill level 6 in Stealth
  1867 | D:3      | Noticed Robin
  2035 | D:3      | Reached XP level 5. HP: 35/35 MP: 5/5
  2162 | D:3      | Killed Robin
  2303 | D:3      | Noticed Natasha
  2308 | D:3      | Killed Natasha
  2601 | D:3      | Reached XP level 6. HP: 40/42 MP: 6/6
  2609 | D:3      | Noticed Natasha
  2623 | D:3      | Killed Natasha
  2784 | D:3      | Noticed Ijyb
  2793 | D:3      | Killed Ijyb
  3079 | D:3      | Noticed Natasha
  3088 | D:3      | Killed Natasha
  3632 | D:4      | Got a faintly humming helmet
  3739 | D:4      | Noticed Menkaure
  4495 | D:4      | Reached XP level 7. HP: 46/46 MP: 7/7
  4873 | D:4      | Found a glowing golden altar of the Shining One.
  4975 | D:5      | Entered Level 5 of the Dungeon
  5021 | D:5      | Found a glowing drain.
  5037 | Sewer    | Entered a sewer
  5670 | D:5      | Reached skill level 7 in Stealth
  6252 | D:5      | Noticed a hungry ghost
  6606 | D:6      | Reached skill level 5 in Dodging
  6807 | D:6      | Reached skill level 5 in Short Blades
  6807 | D:6      | Reached XP level 8. HP: 54/54 MP: 8/8
  6812 | D:6      | Noticed a gargoyle
  6850 | D:6      | HP: 2/54 [gargoyle/stone arrow (19)]
  7970 | D:6      | Noticed Grinder
  7971 | D:6      | Killed Grinder
  7971 | D:6      | Reached skill level 8 in Stealth
  8030 | D:6      | Found an opulent altar of Gozag.
  8339 | D:6      | Found a blossoming altar of Fedhas.
  8417 | D:6      | Found a staircase to the Ecumenical Temple.
  8423 | Temple   | Entered the Ecumenical Temple
  8490 | Temple   | Became a worshipper of Dithmenos the Shadowed
  8661 | D:6      | Found a glowing silver altar of Zin.
  8661 | D:6      | Found an ornate altar of the Wu Jian Council.
  8661 | D:6      | Found a radiant altar of Vehumet.
  8663 | D:6      | Found a burning altar of Makhleb.
  8673 | D:6      | Found a stormy altar of Qazlal.
  8705 | D:6      | Noticed Eustachio
  8763 | D:6      | Killed Eustachio
  8763 | D:6      | Reached XP level 9. HP: 22/60 MP: 9/9
  9115 | D:6      | Noticed Pikel
  9244 | D:5      | Killed Pikel
  9244 | D:5      | Reached skill level 5 in Fighting
  9335 | D:6      | Reached skill level 9 in Stealth
  9423 | D:6      | Killed a gargoyle
  9426 | D:6      | Found a hide-covered altar of Uskayaw.
  9595 | D:6      | Reached * piety under Dithmenos
 10170 | D:8      | Slain by an orc warrior

Levels and vault maps discovered:
D:1:      dpeg_arrival_arbitrary_b, layout_basic
D:2:      layout_rooms, lemuel_doored_altar, overflow_temple_1_default,
          minmay_misc_feat_alley, minmay_misc_feat_columns
D:3:      layout_loops_ring, minmay_snake_closets, uniq_ijyb, uniq_natasha,
          uniq_robin
D:4:      layout_layer_cave, tso_metal_star, first_ration, uniq_menkaure
D:5:      layout_loops_cross, cheibrodos_sewer_entry_sluice
D:6:      minmay_chambers_of_sixes, layout_loops_corners, minitemple,
          kennysheep_mini_moat, fedhas_altar_3,
          minmay_temple_entry_enclosed_plants, uniq_eustachio, uniq_grinder,
          uniq_pikel
D:7:      layout_cave_pods, lemuel_crystal_altar, minivault_11,
          minmay_door_square, nicolae_gozag_zags_fifth_avenue
D:8:      layout_loops_ring, nicolae_overflow_hidden_temple, uniq_harold
Temple:   grunt_temple_mini_profane

Skill      XL: |  1  2  3  4  5  6  7  8  9 |
---------------+----------------------------+-----
Dodging        | 2 3 4 5 6 7 |  7.7
Stealth        | 6 7 8 9 |  9.4
Short Blades   | 3 4 5 6 7 |  7.5
Fighting       | 3 4 5 |  5.6
Throwing       | |  2.0

Action                   |  1- 3 |  4- 6 |  7- 9 || total
-------------------------+-------+-------+-------++-------
Melee: Dagger            |    62 |   163 |   292 ||   517
       Tentacles         |    13 |    31 |    75 ||   119
       Constrict         |    13 |    33 |    52 ||    98
       Unarmed           |       |     4 |       ||     4
Throw: Dart              |       |    35 |   114 ||   149
  Use: Scroll            |       |     4 |     8 ||    12
       Potion            |       |     2 |     9 ||    11
 Stab: Sleeping          |    12 |    14 |    16 ||    42
       Distracted        |     1 |       |     1 ||     2
  Eat: Chunk             |       |    10 |    11 ||    21
       Ration            |       |       |     2 ||     2
Armor: Skin              |     4 |     9 |     4 ||    17
Dodge: Dodged            |    25 |    69 |   149 ||   243
Block: Other             |       |       |     9 ||     9
       Reflection        |       |       |     1 ||     1
